 Dungeon Crawl Stone Soup version 0.30-b1-2-g02819fbbbe (webtiles) character file.

Game seed: 7812531329209545482

458 CalmDownMonkey the Digger (level 7, 36/36 HPs)
             Began as a Gargoyle Earth Elementalist on June 11, 2023.
             Quit the game on level 5 of the Dungeon on Oct 10, 2023.
             The game lasted 00:13:34 (4708 turns).

CalmDownMonkey the Digger (GrEE)                    Turns: 4708, Time: 00:13:35

Health: 36/36      AC:  7    Str: 11    XL:     7   Next: 6%
Magic:  11/11      EV: 11    Int: 18    God:
Gold:   194        SH:  0    Dex: 10    Spells: 8/12 levels left

rFire   . . .        q - +0 sling
rCold   . . .        (no shield)
rNeg    + . .        a - +0 robe
rPois   ∞            (no helmet)
rElec   +            l - +0 cloak
rCorr   .            (no gloves)
SInv    +            (no boots)
Will    .....        (no amulet)
Stlth   ++           g - ring of see invisible
HPRegen 0.26/turn    (no ring)
MPRegen 0.12/turn

%: no passive effects
@: no status effects
A: sickness immunity, AC +4, negative energy resistance 1, electricity
resistance, torment resistance 1, petrification resistance
a: no special abilities


You were on level 5 of the Dungeon.
You visited 1 branch of the dungeon, and saw 5 of its levels.

You collected 194 gold pieces.

Inventory:

Hand Weapons
 i - a +1 dagger of electrocution
   (You took it off a goblin on level 1 of the Dungeon)
 q - a +0 sling (weapon)
 u - a +0 whip of electrocution
   (You took it off an orc on level 5 of the Dungeon)
Missiles
 f - 33 stones
 s - 4 poisoned darts
 t - 2 throwing nets {=f}
Armour
 a - a +0 robe (worn)
 l - a +0 cloak (worn)
Jewellery
 g - a ring of see invisible (left hand)
   (You found it on level 1 of the Dungeon)
Scrolls
 c - a scroll of poison
 j - a scroll of teleportation
 k - a scroll of fog {unknown}
 m - a scroll of immolation {!r}
 o - 2 scrolls of blinking {unknown}
 r - a scroll of acquirement {unknown}
Potions
 b - a potion of magic
 d - 3 potions of curing
 e - 2 potions of lignification {!q}
 h - a potion of mutation {!q}
 n - 2 potions of resistance
 p - a potion of heal wounds


   Skills:
 - Level 1.5 Dodging
 - Level 2.1 Stealth
 + Level 3.1 Spellcasting
 - Level 3.3 Conjurations
 - Level 0.7 Transmutations
 - Level 7.7 Earth Magic


You had 8 spell levels left.
You knew the following spells:

 Your Spells              Type           Power      Damage    Failure   Level
a - Sandblast             Erth           60%        2d14      1%          1
b - Stone Arrow           Conj/Erth      44%        3d9       4%          3

Your spell library contained the following spells:

 Spells                   Type           Power      Damage    Failure   Level
 Passwall                 Tmut/Erth      15%        N/A       4%          2
 Slow                     Hex            8%         N/A       16%         1
 Lesser Beckoning         Tloc           4%         N/A       24%         2
 Petrify                  Tmut/Erth      18%        N/A       28%         4
 Animate Armour           Summ/Erth      32%        N/A       32%         4
 Confusing Touch          Hex            2%         N/A       43%         3
 Gell's Gravitas          Tloc           2%         N/A       43%         3
 Teleport Other           Tloc           2%         N/A       43%         3
 Vampiric Draining        Necr           2%         2d6       43%         3
 Lehudib's Crystal Spear  Conj/Erth      11%        10d4      100%        8


Dungeon Overview and Level Annotations

Branches:
Dungeon (5/15)
 Temple: D:4-7

Altars:
Makhleb
Okawaru
Trog
Uskayaw
Vehumet
Wu Jian
Yredelemnul

Shops:
D:4 *

Annotations:
D:3 Terence


Innate Abilities, Weirdness & Mutations

You are immune to sickness and miasma.
Your stone body is resilient. (AC +4)
You are immune to poison.
You resist negative energy. (rN+)
You are resistant to electric shocks. (rElec)
You are resistant to unholy torment.
You are immune to petrification.


Message History

Aim: an orc, wielding a +0 whip of electrocution (84% to hit)
The blast of sand hits the orc!
You kill the orc!
A hound comes into view.
Found an escape hatch in the floor.
Things that are here:
a +0 whip of electrocution; an orc corpse A hound is nearby!
Casting: Sandblast (safe; 1% risk of failure)
Confirm with . or Enter, or press ? or * to list all spells.
Aiming: Sandblast (safe; 1% risk of failure)
Press: ? - help, Shift-Dir - straight line, f - hound
Aim: a hound (78% to hit)
The blast of sand hits the hound!!
You kill the hound!
You have reached level 7!
Things that are here:
a +0 whip of electrocution; an orc corpse
u - a +0 whip of electrocution
There is an escape hatch in the floor here.
You see here a hound corpse.
Found an escape hatch in the ceiling.
Found a blackened diamond ring.
A gnoll comes into view. It is wielding a +0 whip.
The gnoll shouts!
You hear a shout! x3
A gnoll is nearby!
A scorpion, a gnoll bouda and a gnoll come into view.
The gnoll bouda shouts!
Casting: Sandblast (safe; 1% risk of failure)
Confirm with . or Enter, or press ? or * to list all spells.
Aiming: Stone Arrow (dangerous; 4% risk of failure)
Press: ? - help, Shift-Dir - straight line, f - gnoll
Aim: a gnoll, wielding a +0 whip (75% to hit)
The stone arrow hits the gnoll!
The gnoll is severely wounded.
A gnoll comes into view. It is wielding a +0 whip.
A gnoll comes into view. It is wielding a +0 club.
Casting: Stone Arrow (dangerous; 4% risk of failure)
Confirm with . or Enter, or press ? or * to list all spells.
Aiming: Stone Arrow (dangerous; 4% risk of failure)
Press: ? - help, Shift-Dir - straight line, f/p - gnoll
Aim: a gnoll, wielding a +0 whip (severely wounded, 75% to hit)
The stone arrow hits the gnoll!
You kill the gnoll!
A gnoll comes into view. It is wielding a +0 halberd.
The gnoll bouda barks out a call to the hunt!
The gnolls pick up the pace!
Your Spellcasting skill increases to level 3!
Casting: Stone Arrow (dangerous; 4% risk of failure)
Confirm with . or Enter, or press ? or * to list all spells.
Aiming: Sandblast (safe; 1% risk of failure)
Press: ? - help, Shift-Dir - straight line, f - gnoll
Aim: a gnoll, wielding a +0 club (covering ground quickly, 86% to hit)
The blast of sand hits the gnoll!!
You kill the gnoll!
Fire: q) +0 sling
Press: ? - help, Q - select action, (/) - cycle Shift-Dir - straight line, f - scorpion
Aim: a scorpion (50% to hit)
You shoot a sling bullet.
The sling bullet hits the scorpion but does no damage.
Casting: Sandblast (safe; 1% risk of failure)
Confirm with . or Enter, or press ? or * to list all spells.
Aiming: Sandblast (safe; 1% risk of failure)
Press: ? - help, Shift-Dir - straight line, f/p - scorpion
Aim: a scorpion (84% to hit)
The blast of sand hits the scorpion!
The scorpion is severely wounded.
The gnoll bouda gazes fiercely through you!
You feel your attacks grow feeble.
As you read the scroll of teleportation, it crumbles to dust.
You feel strangely unstable.
The scorpion stings you but does no damage.
The gnoll hits you with a +0 whip. The gnoll hits you with a +0 club.
The scorpion misses you.
Fire: q) +0 sling
Press: ? - help, Q - select action, (/) - cycle Shift-Dir - straight line, f/p - scorpion
Aim: a scorpion (severely wounded, 50% to hit)
You shoot a sling bullet.
The sling bullet closely misses the scorpion.
The sling bullet closely misses the gnoll.
The gnoll hits you but does no damage. The gnoll barely misses you.
The scorpion stings you but does no damage.
The gnoll barely misses you.
Fire: q) +0 sling
Press: ? - help, Q - select action, (/) - cycle Shift-Dir - straight line, f/p - scorpion
Aim: a scorpion (severely wounded, 50% to hit)
You shoot a sling bullet. The sling bullet hits the scorpion.
The scorpion is severely wounded.
Your surroundings suddenly seem different.
You start resting.
Your attacks no longer feel as feeble.
Saving game... please wait.
Bad channel name 'Jiyva says' for runrest: 'Jiyva says: Divide and consume' Bad channel name 'pray' for runrest: 'pray:' Welcome back, CalmDownMonkey the Gargoyle Earth Elementalist.
Press ? for a list of commands and other information.
HP restored.
Magic restored.
A sleepcap comes into view.
Are you sure you want to abandon this character and quit the game? (Confirm with "yes".)

........#####..#
...##.....###.###
.###...##..###..#####
##...........##...#.#
...≈≈.≈≈≈≈≈≈.#...#.#####
...≈§......≈.#....##...#
##.≈§≈§≈≈≈.≈.#...#..#..#
##.≈.≈...≈.≈.........#.#
##.≈..§_.≈.≈....@#....###.
.#.≈.≈...§.≈..............
.#.≈.§≈≈≈≈.≈.#..........#.
...≈.§.....≈.#...<.......#
...≈≈≈≈≈≈≈≈≈.#............
................#.........
>..###.###.##...##.....###
..## #.# #..#..###..#.f#
...# #.####....# ....#..#


You could see a sleepcap (wandering).

Vanquished Creatures
  An ogre (D:4)
  A hound (D:5)
  2 jellies
  A sleepcap (D:5)
  3 orc wizards
  2 gnolls (D:5)
  7 adders
  A worm (D:3)
  12 orcs
  7 ball pythons
  5 bats
  6 endoplasms
  2 giant cockroaches (D:1)
  12 goblins
  6 hobgoblins
  9 jackals
  4 kobolds
  A quokka (D:4)
  4 frilled lizards
  7 rats
93 creatures vanquished.

Notes
Turn   | Place    | Note
-------+----------+-------------------------------------------
     0 | D:1      | CalmDownMonkey the Gargoyle Earth Elementalist began the
                  | quest for the Orb.
     0 | D:1      | Reached XP level 1. HP: 10/10 MP: 3/3
   124 | D:1      | Reached skill level 4 in Earth Magic
   180 | D:1      | Reached XP level 2. HP: 15/15 MP: 0/5
   723 | D:1      | Reached XP level 3. HP: 19/19 MP: 4/6
   727 | D:1      | Learned a level 3 spell: Stone Arrow
   773 | D:1      | Reached skill level 5 in Earth Magic
  1453 | D:2      | Found a faded altar of an unknown god.
  1709 | D:2      | Reached XP level 4. HP: 23/24 MP: 3/7
  1710 | D:2      | Reached skill level 1 in Conjurations
  2236 | D:3      | Found a radiant altar of Vehumet.
  2244 | D:3      | Reached skill level 6 in Earth Magic
  2390 | D:3      | Found an ornate altar of the Wu Jian Council.
  2459 | D:3      | Noticed Terence
  2598 | D:3      | Reached XP level 5. HP: 28/28 MP: 6/8
  2819 | D:3      | Found an iron altar of Okawaru.
  2834 | D:4      | Reached skill level 2 in Conjurations
  2980 | D:4      | Found Quifih's Assorted Antiques.
  3170 | D:4      | Reached skill level 7 in Earth Magic
  3170 | D:4      | Reached XP level 6. HP: 32/32 MP: 5/9
  3180 | D:4      | Identified a potion of resistance
  3434 | D:4      | Reached skill level 3 in Conjurations
  3604 | D:4      | Found a hide-covered altar of Uskayaw.
  3858 | D:5      | Entered Level 5 of the Dungeon
  3877 | D:5      | Found a burning altar of Makhleb.
  4031 | D:5      | Found a basalt altar of Yredelemnul.
  4235 | D:5      | Found a bloodstained altar of Trog.
  4580 | D:5      | Reached XP level 7. HP: 36/36 MP: 6/11
  4631 | D:5      | Reached skill level 3 in Spellcasting
  4708 | D:5      | Quit the game

Illustrated notes

Levels and vault maps discovered:
D:1:      dpeg_arrival_connections, layout_basic, minmay_unequal
D:2:      layout_basic, nicolae_ecumenical_lake_church
D:3:      layout_rooms, nicolae_wu_jian_immortal_techniques,
          mainiacjoe_overflow_brackets, lemuel_crystal_altar, grunt_decor_cap,
          kennysheep_donut, uniq_terence, uniq_jessica
D:4:      kennysheep_spiral_hall, layout_basic, nicolae_uskayaw_suspiria,
          serial_corexii_hall, chequers_hall_statues_corner_a,
          corexii_hall_statues_x, corexii_hall_statues_u, serial_shops,
          shop_fountains
D:5:      layout_layer_cave, marbit_many_paths,
          mainiacjoe_overflow_cross_hatched, trog_butcher_becter,
          mainiacjoe_overflow_concentric_impassable,
          corexii_item_surrounded_by_moat, hangedman_decor_diamond_cutter

Skill      XL: |  1  2  3  4  5  6  7 |
---------------+----------------------+-----
Earth Magic    | 4 5 6 7 |  7.7
Conjurations   | 1 2 3 |  3.3
Spellcasting   | 3 |  3.1
Dodging        | |  1.5
Stealth        | |  2.1
Transmutations | |  0.7

Action                     |  1- 3 |  4- 6 |  7- 9 || total
---------------------------+-------+-------+-------++-------
  Melee: Unarmed           |    27 |       |       ||    27
         Dagger            |    11 |     3 |       ||    14
   Fire: Sling             |       |    11 |     3 ||    14
   Cast: Sandblast         |    42 |    84 |     2 ||   128
         Stone Arrow       |       |     1 |     2 ||     3
    Use: Scroll            |       |     9 |     1 ||    10
 Armour: Robe              |    14 |    17 |     3 ||    34
  Dodge: Dodged            |    33 |    27 |     3 ||    63

Table legend: (Time is in decaauts)
 A = Elapsed time spent in this place.
 B = Non-inter-level travel time spent in this place.
 C = Inter-level travel time spent in this place.
 D = Time resting spent in this place.
 E = Time spent auto-exploring this place.
 F = Levels seen in this place.
 G = Mean time per level.
                   A        B        C        D        E       F      G
               +--------+--------+--------+--------+--------+-----+--------+
         Total |   4780 |   4670 |    110 |    301 |   3690 |   5 |  956.0 |
       Dungeon |   4780 |   4670 |    110 |    301 |   3690 |   5 |  956.0 |
               +--------+--------+--------+--------+--------+-----+--------+

Top non-repeatable levels by time:
     D:2: 1177 daAuts
     D:1: 1163 daAuts
     D:4: 968 daAuts
     D:5: 862 daAuts
     D:3: 609 daAuts

Table legend:
 A = Kills in this place as a percentage of kills in the entire game.
 B = Kills by you in this place as a percentage of kills by you in the entire game.
 C = Kills by friends in this place as a percentage of kills by friends in the entire game.
 D = Other kills in this place as a percentage of other kills in the entire game.
 E = Experience gained in this place as a percentage of experience gained in the entire game.
 F = Experience gained in this place divided by the number of levels of this place that you have seen.
                   A       B       C       D       E      F
               +-------+-------+-------+-------+-------+----------------------
         Total | 100.0 | 100.0 |   N/A |   N/A | 100.0 | 131.0
       Dungeon | 100.0 | 100.0 |   N/A |   N/A | 100.0 | 131.0
               +-------+-------+-------+-------+-------+----------------------

Levels and vault maps discovered:
D:1:      dpeg_arrival_connections, layout_basic, minmay_unequal
D:2:      layout_basic, nicolae_ecumenical_lake_church
D:3:      layout_rooms, nicolae_wu_jian_immortal_techniques,
          mainiacjoe_overflow_brackets, lemuel_crystal_altar, grunt_decor_cap,
          kennysheep_donut, uniq_terence, uniq_jessica
D:4:      kennysheep_spiral_hall, layout_basic, nicolae_uskayaw_suspiria,
          serial_corexii_hall, chequers_hall_statues_corner_a,
          corexii_hall_statues_x, corexii_hall_statues_u, serial_shops,
          shop_fountains
D:5:      layout_layer_cave, marbit_many_paths,
          mainiacjoe_overflow_cross_hatched, trog_butcher_becter,
          mainiacjoe_overflow_concentric_impassable,
          corexii_item_surrounded_by_moat, hangedman_decor_diamond_cutter
